 Dungeon Crawl Stone Soup version 0.29-a0-283-ga02f740833 (webtiles) character file.

Game seed: 17516462159476391813

53 PaleWalker the Shield-Bearer (level 3, -4/35 HPs)
             Began as a Gnoll Fighter on Mar 13, 2022.
             Was a Plaything of Xom.
             Slain by a gnoll
             ... wielding a +0 spear
              (8 damage)
             ... on level 1 of the Dungeon.
             The game lasted 00:03:18 (962 turns).

PaleWalker the Shield-Bearer (Gnoll Fighter)         Turns: 962, Time: 00:03:19

Health: -4/35      AC:  7    Str: 17    XL:     3   Next: 87%
Magic:  4/4        EV:  9    Int:  7    God:    Xom [..*...]
Gold:   50         SH:  5    Dex: 11    Spells: 4/4 levels left

rFire   . . .      SeeInvis .   a - +0 war axe
rCold   . . .      Faith    .   c - +0 buckler
rNeg    . . .      Spirit   .   b - +0 scale mail
rPois   .          Reflect  .   (no helmet)
rElec   .          Harm     .   (no cloak)
rCorr   .          Rampage  .   (no gloves)
Will    .....                   (no boots)
Stlth   ..........              (no amulet)
HPRegen 0.11/turn               (no ring)
MPRegen 0.09/turn               (no ring)

@: no status effects
A: fangs 1, strong nose, distributed training
a: Renounce Religion


You were on level 1 of the Dungeon.
You worshipped Xom.
You were a toy of Xom.
You visited 1 branch of the dungeon, and saw 2 of its levels.

You collected 50 gold pieces.

Inventory:

Hand Weapons
 a - a +0 war axe (weapon)
Missiles
 h - 5 datura-tipped darts (quivered)
 i - 3 atropa-tipped darts
Armour
 b - a +0 scale mail (worn)
 c - a +0 buckler (worn)
Scrolls
 e - a scroll of amnesia {unknown}
 j - a scroll of fog {unknown}
Potions
 d - a potion of might
 f - a potion of brilliance {unknown}
 g - a potion of mutation {unknown}


   Skills:
 + Level 6.5 Fighting
 + Level 1.0 Short Blades
 + Level 1.0 Long Blades
 + Level 4.6 Axes
 + Level 1.0 Maces & Flails
 + Level 1.0 Polearms
 + Level 1.0 Staves
 + Level 1.0 Slings
 + Level 1.0 Bows
 + Level 1.0 Crossbows
 + Level 1.0 Throwing
 + Level 6.5 Armour
 + Level 1.0 Dodging
 + Level 1.0 Stealth
 + Level 6.5 Shields
 + Level 1.0 Unarmed Combat
 + Level 1.0 Spellcasting
 + Level 0.7 Conjurations
 + Level 0.7 Hexes
 + Level 0.7 Summonings
 + Level 0.7 Necromancy
 + Level 0.7 Translocations
 + Level 0.7 Transmutations
 + Level 0.7 Fire Magic
 + Level 0.7 Ice Magic
 + Level 0.7 Air Magic
 + Level 0.7 Earth Magic
 + Level 0.7 Poison Magic
 + Level 1.0 Invocations
 + Level 1.0 Evocations


You had 4 spell levels left.
You didn't know any spells.
Your spell library was empty.

Dungeon Overview and Level Annotations

Branches:
Dungeon (2/15)

Altars:
Xom


Innate Abilities, Weirdness & Mutations

You have very sharp teeth.
Your uncanny sense of smell can sniff out nearby items.
Your experience applies equally to all skills.


Message History

The gnoll hits you with a +0 halberd. The gnoll hits you with a +0 halberd!
* * * LOW HITPOINT WARNING * * *
You barely miss the gnoll. Your bite misses the gnoll.
The gnoll is almost dead.
You block the gnoll's attack.
You hit the gnoll.
You kill the gnoll!
The bat hits you.
* * * LOW HITPOINT WARNING * * *
Your Short Blades skill increases to level 1!
Your Long Blades skill increases to level 1!
Your Maces & Flails skill increases to level 1!
Your Polearms skill increases to level 1!
Your Staves skill increases to level 1!
Your Slings skill increases to level 1!
Your Bows skill increases to level 1!
Your Crossbows skill increases to level 1!
Your Throwing skill increases to level 1!
Your Dodging skill increases to level 1!
Your Stealth skill increases to level 1!
Your Unarmed Combat skill increases to level 1!
Your Spellcasting skill increases to level 1!
Your Evocations skill increases to level 1!
Unknown command.
Throw: 6 darts (datura)
Press: ? - help, Q - select action, (/) - cycle Shift-Dir - straight line, f - bat
Aim: a bat (44% to hit, chance to frenzy on hit: 100%)
You throw a datura-tipped dart.
The datura-tipped dart closely misses the bat.
The datura-tipped dart hits the gnoll.
The gnoll flies into a frenzy!
Xom thinks this is hilarious!
The bat closely misses you.
The gnoll misses the bat.
The bat closely misses you.
The gnoll hits the bat but does no damage.
You barely miss the bat. The bat hits you but does no damage.
The bat barely misses you.
The gnoll hits the bat from afar with a +0 spear!
The bat dies!
The gnoll shouts!
The gnoll hits you from afar with a +0 spear!
You die...

#.# #..)......#.......# #.#
#...............#.# #.#
#.........#######.#
##.###.........# #.# ######
...............# #.# #.....
#..####.#..#.#.# #.# #..... #..#
#.#..#.#.# #.# #.....
#..####.#....#.#######.#####.....
#.........)....#@)g(.......'.....
#..#.##.#(##################.....
#.......#†# ###### #..#.####.#
#....# #.# #.##.####+##
#.##.......# #.##.......#
#.##.......#


You could see a neutral gnoll (fast, strong, insane).

Vanquished Creatures
  A gnoll (D:1)
  4 dart slugs (D:1)
  4 ball pythons (D:1)
  2 endoplasms (D:1)
  A giant cockroach (D:1)
  A goblin (D:1)
  4 hobgoblins (D:1)
  2 quokkas (D:1)
  A bat (D:1)
  2 kobolds (D:1)
  2 rats (D:1)
24 creatures vanquished.

Vanquished Creatures (collateral kills)
  An adder (D:1)
  A bat (D:1)
2 creatures vanquished.

Grand Total: 26 creatures vanquished

Notes
Turn   | Place    | Note
-------+----------+-------------------------------------------
     0 | D:1      | PaleWalker the Gnoll Fighter began the quest for the Orb.
     0 | D:1      | Reached XP level 1. HP: 23/23 MP: 1/1
   148 | D:1      | Reached XP level 2. HP: 22/29 MP: 2/2
   345 | D:1      | Found a faded altar of an unknown god.
   365 | D:1      | Prayed at the altar of an unknown god.
   365 | D:1      | Became a worshipper of Xom of Chaos
   505 | D:1      | Reached XP level 3. HP: 34/35 MP: 3/3
   748 | D:1      | XOM: silly message
   913 | D:1      | XOM: silly message
   939 | D:1      | XOM: cast spell 'Summon Ice Beast'
   941 | D:1      | Reached skill level 1 in Invocations
   946 | D:2      | XOM: cast spell 'Dispersal'
   953 | D:1      | XOM is BORED!
   953 | D:1      | XOM: blink monster(s)
   960 | D:1      | Reached skill level 1 in Short Blades
   960 | D:1      | Reached skill level 1 in Long Blades
   960 | D:1      | Reached skill level 1 in Maces & Flails
   960 | D:1      | Reached skill level 1 in Polearms
   960 | D:1      | Reached skill level 1 in Staves
   960 | D:1      | Reached skill level 1 in Slings
   960 | D:1      | Reached skill level 1 in Bows
   960 | D:1      | Reached skill level 1 in Crossbows
   960 | D:1      | Reached skill level 1 in Throwing
   960 | D:1      | Reached skill level 1 in Dodging
   960 | D:1      | Reached skill level 1 in Stealth
   960 | D:1      | Reached skill level 1 in Unarmed Combat
   960 | D:1      | Reached skill level 1 in Spellcasting
   960 | D:1      | Reached skill level 1 in Evocations
   962 | D:1      | Slain by a gnoll

Illustrated notes

Levels and vault maps discovered:
D:1:      dpeg_arrival_short_road, layout_basic, ebering_ecumenical_altar_rust
D:2:      layout_basic, grunt_ministairs_13

Skill      XL: |  1  2  3 |
---------------+----------+-----
Invocations    | 1 |  1.0
Short Blades   | 1 |  1.0
Long Blades    | 1 |  1.0
Maces & Flails | 1 |  1.0
Polearms       | 1 |  1.0
Staves         | 1 |  1.0
Slings         | 1 |  1.0
Bows           | 1 |  1.0
Crossbows      | 1 |  1.0
Throwing       | 1 |  1.0
Dodging        | 1 |  1.0
Stealth        | 1 |  1.0
Unarmed Combat | 1 |  1.0
Spellcasting   | 1 |  1.0
Evocations     | 1 |  1.0
Fighting       | |  6.5
Axes           | |  4.6
Armour         | |  6.5
Shields        | |  6.5
Conjurations   | |  0.7
Hexes          | |  0.7
Summonings     | |  0.7
Necromancy     | |  0.7
Translocations | |  0.7
Transmutations | |  0.7
Fire Magic     | |  0.7
Ice Magic      | |  0.7
Air Magic      | |  0.7
Earth Magic    | |  0.7
Poison Magic   | |  0.7

Action                   || total
-------------------------++-------
Melee: War axe           ||    84
       Bite              ||     8
Throw: Dart              ||     1
Armor: Scale mail        ||    40
Dodge: Dodged            ||    41
Block: Buckler           ||    29

Table legend: (Time is in decaauts)
 A = Elapsed time spent in this place.
 B = Non-inter-level travel time spent in this place.
 C = Inter-level travel time spent in this place.
 D = Time resting spent in this place.
 E = Time spent auto-exploring this place.
 F = Levels seen in this place.
 G = Mean time per level.
                   A        B        C        D        E       F      G
               +--------+--------+--------+--------+--------+-----+--------+
         Total |    991 |    965 |     26 |      0 |    755 |   2 |  495.5 |
       Dungeon |    991 |    965 |     26 |      0 |    755 |   2 |  495.5 |
               +--------+--------+--------+--------+--------+-----+--------+

Top non-repeatable levels by time:
     D:1: 975 daAuts
     D:2: 16 daAuts
